Map: Jagannatha LE

Players

GunGFuBanDa - Winner!

  • Race: Protoss Protoss
  • League: Grandmaster

ShaDoWn

  • Race: Protoss Protoss
  • League: Grandmaster

Event: DreamHack SC2 Masters 2021 Summer

VOD

Have the link to the VOD?

Description

Time

  • Played on: May 26, 2021, 12:50 p.m.
  • Length: 12:01

All games in this series

Show
View Real Time Build Order
Export as new Build Order

GunGFuBanDa Protoss - Winner!

Build Orders:  

Get SALT Encoding   

  12  0:00  Probe  
  13  0:12  Probe  
  14  0:18  Pylon  
  14  0:24  Probe (Chrono Boost)  
  15  0:38  Probe (Chrono Boost), Gateway  
  16  0:44  Probe (Chrono Boost)  
  16  0:46  Assimilator  
  17  0:52  Probe (Chrono Boost)  
  17  0:56  Assimilator  
  18  1:13  Probe (Chrono Boost)  
  19  1:18  Probe  
  20  1:27  Pylon  
  20  1:31  Cybernetics Core  
  20  1:34  Probe  
  21  1:48  Probe  
  21  2:08  Stargate  
  21  2:20  Nexus  
  22  2:30  Warp Gate (Chrono Boost)  
  22  2:36  Pylon  
  21  2:46  Void Ray  
  25  3:00  Pylon  
  25  3:39  Shield Battery  
  25  3:53  Probe  
  26  3:55  Gateway  
  26  4:00  Assimilator  
  26  4:04  Assimilator  
  26  4:15  Gateway  
  26  4:32  Void Ray (Chrono Boost)  
  26  4:35  Shield Battery  
  26  4:36  Pylon  
  30  4:47  Gateway  
  30  4:49  Probe  
  31  5:01  Stalker  
  32  5:23  Stalker  
  32  5:25  Stalker  
  36  5:30  Pylon  
  36  5:43  Stalker  
  38  5:51  Sentry  
  38  5:52  Sentry  
  38  5:54  Probe  
  43  5:57  Pylon  
  43  6:07  Stalker  
  45  6:15  Stalker  
  47  6:20  Stalker  
  49  6:35  Stalker  
  49  6:38  Pylon  
  51  6:40  Stalker  
  53  6:48  Stalker  
  55  7:01  Stalker  
  57  7:08  Stalker  
  57  7:14  Pylon  
  59  7:26  Adept x2  
  63  7:35  Probe  
  64  7:50  Stalker x2  
  64  7:51  Stalker  
  62  8:16  Robotics Facility  
  62  8:23  Sentry  
  64  8:30  Nexus  
  64  8:37  Probe  
  65  8:52  Probe  
  66  9:01  Immortal (Chrono Boost)  
  66  9:04  Probe  
  71  9:12  Pylon  
  71  9:30  Immortal (Chrono Boost)  
  71  9:31  Sentry  
  71  9:33  Probe  
  71  9:34  Shield Battery  
  78  9:49  Stalker  
  78  9:51  Stalker  
  81  10:02  Immortal (Chrono Boost)  
  81  10:06  Probe  
  86  10:16  Adept x2  
  92  10:50  Observer (Chrono Boost)  
  92  10:51  Probe  
  88  10:57  Pylon  
  88  10:58  Pylon  
  88  11:03  Immortal (Chrono Boost)  
  86  11:04  Adept x2  
  92  11:24  Sentry, Adept  
  90  11:28  Probe  
  91  11:38  Observer (Chrono Boost)  
  86  11:50  Stalker x3  
Show
View Real Time Build Order
Export as new Build Order

ShaDoWn Protoss 

Build Orders: Cannon Rush 

Get SALT Encoding   

  12  0:00  Probe (Chrono Boost)  
  13  0:09  Probe (Chrono Boost)  
  14  0:18  Pylon  
  14  0:22  Probe  
  15  0:36  Forge  
  15  0:51  Pylon  
  15  1:00  Probe  
  16  1:08  Pylon  
  16  1:10  Photon Cannon  
  16  1:13  Pylon  
  16  1:31  Photon Cannon  
  16  1:35  Photon Cannon  
  16  1:45  Gateway  
  15  1:48  Probe (Chrono Boost)  
  16  1:54  Assimilator  
  16  1:59  Probe (Chrono Boost)  
  17  2:04  Probe (Chrono Boost)  
  18  2:14  Probe  
  19  2:26  Probe  
  20  2:32  Cybernetics Core  
  20  2:38  Probe  
  21  2:45  Assimilator  
  21  2:46  Photon Cannon  
  21  2:52  Probe  
  21  2:53  Pylon  
  22  3:05  Stalker (Chrono Boost)  
  22  3:06  Probe  
  22  3:09  Shield Battery  
  25  3:15  Shield Battery  
  25  3:16  Warp Gate (Chrono Boost)  
  25  3:25  Stalker (Chrono Boost)  
  27  3:42  Gateway  
  27  3:53  Stalker  
  29  4:06  Gateway  
  29  4:07  Gateway  
  29  4:23  Stalker  
  31  4:36  Pylon  
  31  4:43  Probe  
  31  5:01  Stalker x3  
  31  5:02  Stalker  
  37  5:26  Stalker x3, Sentry  
  40  5:49  Stalker x3  
  46  5:52  Sentry  
  48  6:13  Stalker x2  
  52  6:21  Stalker  
  54  6:27  Stalker  
  56  6:37  Stalker  
  58  6:46  Stalker  
  60  7:07  Stalker  
  62  7:09  Pylon  
  62  7:20  Twilight Council  
  62  7:34  Probe  
  63  7:39  Stalker x2  
  63  7:52  Probe  
  64  8:04  Stalker x3  
  62  8:29  Dark Shrine  
  62  8:39  Stalker  
  64  8:51  Stalker  
  66  9:07  Nexus  
  66  9:13  Blink (Chrono Boost)  
  66  9:31  Stalker  
  68  9:49  Dark Templar  
  70  9:56  Pylon  
  70  10:15  Stalker x2  
  70  10:20  Stalker  
  76  10:30  Stalker  
  78  10:40  Stalker  
  78  11:07  Stalker x3  
  74  11:27  Probe  
  74  11:28  Probe  
  76  11:33  Stalker  
  76  11:34  Stalker  
Tags
 
Add a new tag
Caveats
  • Supply blocks, unpowered buildings, or Contaminate may cause inaccurate times.
  • Supply counts are checked every 10 seconds.